AoeStats
← Minmaj

Arena

507739694Analyzed
4v4 RM · 13d ago on Sep 19, 2026· 43m 23s· 8 players
Game mode
Random Map
Map size
Large (8 player)
Population
200
Speed
Normal
Resources
Standard
Victory
Conquest
Starting age
Dark Age
Ending age
Imperial Age
RankedLock teamsTeams togetherTeam positionsShared explorationLock speedFull tech treeHidden civsTurbo modeCheats
Victory
Defeat
🇹🇼 Portuguese · Taiwan
1154
+14
🇹🇼 Goths · Taiwan
1092
+16
🇨🇳 Khmer · China
1065
+17
🇨🇳 Franks · China
1064
+17
🇦🇷 Magyars · Argentina
1137
-18
🇹🇷 Celts · Türkiye
1104
-16
🇦🇷 Khmer · Argentina
1072
-15
🇳🇱 Teutons · Netherlands
1071
-15
西边有座岛
9:00 Loom
11:11 Feudal Age
12:36 Double-Bit Axe
15:05 Castle Age
20:56 Scale Barding Armor
24:15 Forging
32:05 Imperial Age
29:41 Fletching
31:21 Wheelbarrow
30:45 Gold Mining
31:20 Ballistics
31:35 Bow Saw
32:57 Chain Barding Armor
32:10 Cavalier
34:03 Conscription
34:32 Paladin
35:00 Town Watch
37:11 Gold Shaft Mining
39:22 Plate Barding Armor
39:17 Hand Cart
40:05 Husbandry
40:23 Stone Mining
43:12 Town Patrol
bimurock
10:22 Feudal Age
8:58 Loom
12:01 Wheelbarrow
11:45 Double-Bit Axe
15:50 Castle Age
13:44 Horse Collar
14:32 Stone Mining
15:54 Gold Mining
17:14 Fletching
25:37 Hand Cart
28:26 Bow Saw
28:19 Heavy Plow
32:13 Treadmill Crane
32:44 Fortified Wall
32:30 Murder Holes
33:31 Ballistics
34:14 Stone Shaft Mining
35:34 Forging
39:15 Imperial Age
37:45 Masonry
39:26 Elite Organ Gun
40:28 Conscription
40:21 Arquebus
40:32 Siege Engineers
41:42 Chemistry
42:40 Bodkin Arrow
42:46 Padded Archer Armor
43:22 Iron Casting
42:48 Scale Mail Armor
43:57 Two-Man Saw
43:30 Crop Rotation
brandon102372
3:21 Loom
10:36 Feudal Age
14:27 Castle Age
13:32 Double-Bit Axe
13:28 Horse Collar
16:11 Bow Saw
17:40 Heavy Plow
18:35 Gold Mining
23:49 Pikeman
26:12 Sanctity
27:53 Wheelbarrow
27:32 Man-at-Arms
30:47 Imperial Age
28:03 Loom
28:04 Town Watch
28:06 Long Swordsman
28:47 Squires
30:54 Halberdier
31:16 Two-Handed Swordsman
31:55 Stone Mining
32:23 Scale Mail Armor
33:16 Champion
35:31 Chemistry
37:19 Chain Mail Armor
37:15 Forging
37:31 Ballistics
37:44 Perfusion
38:05 Conscription
37:46 Anarchy
40:36 Onager
wujiang
10:32 Feudal Age
13:34 Castle Age
11:56 Double-Bit Axe
11:53 Horse Collar
12:20 Loom
12:45 Gold Mining
14:40 Bow Saw
28:32 Wheelbarrow
29:34 Gold Shaft Mining
30:55 Hand Cart
31:50 Stone Mining
35:14 Imperial Age
33:31 Heavy Plow
34:26 Ballistics
34:22 Bloodlines
34:14 Husbandry
35:12 Light Cavalry
36:32 Crop Rotation
37:05 Chemistry
36:11 Siege Engineers
36:28 Heavy Scorpion
38:47 Conscription
38:30 Double Crossbow
40:00 Masonry
39:46 Murder Holes
39:57 Capped Ram
40:01 Hussar
40:54 Forging
40:50 Scale Barding Armor
40:36 Fletching
40:48 Padded Archer Armor
41:46 Pikeman
42:47 Scale Mail Armor
43:25 Iron Casting
43:11 Chain Barding Armor
42:50 Bodkin Arrow
43:27 Architecture
43:09 Elite Battle Elephant
ger2534
11:21 Feudal Age
11:27 Loom
14:38 Loom
17:37 Castle Age
17:17 Double-Bit Axe
19:10 Wheelbarrow
22:13 Bloodlines
22:20 Bow Saw
23:52 Scale Barding Armor
24:01 Forging
25:13 Horse Collar
30:45 Hand Cart
34:32 Imperial Age
33:01 Fortified Wall
35:21 Cavalier
37:02 Iron Casting
38:15 Heavy Plow
39:46 Two-Man Saw
40:40 Paladin
42:44 Scale Mail Armor
43:20 Gold Mining
NoViveDeEnsalada
10:39 Feudal Age
14:28 Castle Age
12:34 Double-Bit Axe
13:51 Loom
14:56 Stone Mining
22:50 Bow Saw
26:50 Imperial Age
28:17 Wheelbarrow
33:55 Conscription
34:04 Gold Mining
36:12 Bloodlines
37:38 Stone Shaft Mining
37:42 Gold Shaft Mining
38:00 Husbandry
39:31 Hand Cart
42:19 Chemistry
41:47 Ballistics
BITCOIN_
10:09 Feudal Age
12:00 Loom
15:00 Horse Collar
15:09 Double-Bit Axe
19:58 Castle Age
20:32 Scale Barding Armor
21:19 Wheelbarrow
21:40 Chain Barding Armor
21:16 Gold Mining
21:58 Bloodlines
28:16 Town Watch
29:50 Light Cavalry
34:00 Hand Cart
38:28 Imperial Age
36:20 Bow Saw
37:21 Scale Mail Armor
38:02 Corvinian Army
37:49 Pikeman
Minmaj
9:47 Feudal Age
13:00 Loom
15:27 Castle Age
14:13 Double-Bit Axe
14:10 Horse Collar
15:48 Fletching
16:13 Scale Mail Armor
16:24 Forging
16:08 Arson
29:12 Heavy Plow
31:15 Iron Casting
32:38 Bow Saw
36:13 Chain Mail Armor
35:54 Bodkin Arrow
37:34 Wheelbarrow
Connection lost

Rejoining the realm…

Still unreachable

The connection could not be restored.

Session expired

The server has moved on; the page needs a fresh start.